AoeStats
← Thomas.Gustaffson

Arena

505072905Analyzed
1v1 RM · 24d ago on Sep 7, 2026· 38m 16s· 2 players
Game mode
Random Map
Map size
Tiny (2 player)
Population
200
Speed
Normal
Resources
Standard
Victory
Conquest
Starting age
Dark Age
Ending age
Imperial Age
RankedLock teamsTeams togetherTeam positionsShared explorationLock speedFull tech treeHidden civsTurbo modeCheats
Victory
Defeat
🇹🇷 Goths · Türkiye
877
+17
🇺🇸 Teutons · United States
906
-48
fries
6:18 Loom
15:05 Feudal Age
18:50 Horse Collar
18:59 Double-Bit Axe
24:52 Castle Age
23:45 Fletching
26:05 Bodkin Arrow
Thomas.Gustaffson
8:52 Feudal Age
9:18 Horse Collar
9:26 Double-Bit Axe
18:08 Castle Age
17:54 Loom
19:04 Wheelbarrow
20:30 Hand Cart
20:41 Town Watch
21:13 Hand Cart
22:42 Heavy Plow
22:55 Bow Saw
24:02 Forging
23:53 Scale Mail Armor
29:46 Iron Casting
29:27 Chain Mail Armor
30:22 Man-at-Arms
31:08 Anarchy
36:51 Imperial Age
38:04 Conscription
39:17 Blast Furnace
Connection lost

Rejoining the realm…

Still unreachable

The connection could not be restored.

Session expired

The server has moved on; the page needs a fresh start.